Match 46088400
Unlisted

Match 46088400
End
Royal Engineer Section
Construct Section Command Post
Selects Canadian Shock Battlegroup
Dingo Light Scout Car
Infantry Section
Infantry Section
Construct Platoon Command Post
Selects Attacking Spirit
Selects Canadian Shock Section
Grenade Package
CMP 15cwt Truck
Unlock M3 Stuart Light Tanks
Selects Incendiary Munitions
M3 Stuart Light Tank
Selects Pyrotechnics
M3 Stuart Light Tank
6-pounder Anti-tank Gun Team
Light Vehicle Training
M3 Stuart Light Tank
Forward Retreat Point
6-pounder Anti-tank Gun Team
Canadian Shock Section
Selects Point Assault
Construct Company Command Post
Gus Chiggins
정신없는슈군
S
Mati sana
dilleybar77
[1R0N]SHAH1DEN.
Corona With a Lime
Eaglestrike777
0
0

Comments sign in to comment!

No comments posted yet!